 Dungeon Crawl Stone Soup version 0.32-a0-786-g3ef9c6c (webtiles) character file.

Game seed: 10850886118112937562

1040 anarkitty the Sneak (level 8, -3/38 HPs)
             Began as a Felid Enchanter on Mar 19, 2024.
             Killed by nerve-wracking pain
             ... invoked by an orc priest
              (12 damage)
             ... on level 5 of the Dungeon.
             The game lasted 00:17:08 (4017 turns).

anarkitty the Sneak (Felid Enchanter)               Turns: 4017, Time: 00:17:09

Health: -3/38      AC:  2    Str:  4    XL:     8   Next: 4%
Magic:  0/15       EV: 19    Int: 18    God:
Gold:   134        SH:  0    Dex: 20    Spells: 10/15 levels left
                                        Lives:  0   Deaths: 3

rFire   . .          .
                       - Unarmed
rCold   . . .        (shield unavailable)
rNeg    . . .        (body armour unavailable)
rPois   .            (helmet unavailable)
rElec   .            (cloak unavailable)
rCorr   .            (gloves unavailable)
SInv    +            (boots unavailable)
Will    +....        (no amulet)
Stlth   ++++         (no ring)
HPRegen 0.26/turn    (no ring)
MPRegen 0.14/turn

%: no passive effects
@: no status effects
A: very small, claws 1, fangs 3, see invisible, shaggy fur 2, stealthy paws, no
weapons or thrown items, no armour, multi-lived
a: Convert to Beogh


You were on level 5 of the Dungeon.
You visited 1 branch of the dungeon, and saw 5 of its levels.
You also visited: Sewer.

You collected 238 gold pieces.
You spent 104 gold pieces at shops.

Inventory:

Jewellery
 n - a ring of protection from fire
Scrolls
 g - 2 scrolls of vulnerability
Potions
 a - 2 potions of invisibility
 b - a potion of degeneration {unknown}
 c - a potion of brilliance {unknown}
 e - 3 potions of berserk rage
 f - 3 potions of mutation
 j - 3 potions of enlightenment
 l - 5 potions of heal wounds
 p - 4 potions of curing


   Skills:
 + Level 1.6 Fighting
 + Level 4.7 Dodging
 + Level 7.3 Stealth
 + Level 4.2 Unarmed Combat
 + Level 4.1 Spellcasting
 + Level 7.1 Hexes
 + Level 2.0 Ice Magic


You had 10 spell levels left.
You knew the following spells:

 Your Spells              Type           Power      Damage    Failure   Level
a - Tukima's Dance        Hex            29%        N/A       2%          3
b - Ensorcelled Hibernat  Hex/Ice        40%        N/A       3%          2

Your spell library contained the following spells:

 Spells                   Type           Power      Damage    Failure   Level
 Confusing Touch          Hex            29%        N/A       2%          3
 Dazzling Flash           Conj/Hex       32%        N/A       10%         3
 Ozocubu's Armour         Ice            11%        N/A       19%         3
 Cigotuvi's Dreadful Rot  Necr/Alch/Air  6%         N/A       22%         2
 Fugue of the Fallen      Necr           3%         N/A       41%         3
 Dispel Undead            Necr           3%         3d7       82%         4
 Ignite Poison            Fire/Alch      3%         N/A       82%         4
 Manifold Assault         Tloc           3%         N/A       82%         4
 Martyr's Knell           Necr/Summ      3%         N/A       82%         4
 Olgreb's Toxic Radiance  Alch           3%         N/A       82%         4
 Sticky Flame             Fire/Alch      3%         2d4       82%         4
 Summon Lightning Spire   Summ/Air       3%         N/A       82%         4
 Lee's Rapid Deconstruct  Erth           1%         3d4*      99%         5
 Ozocubu's Refrigeration  Ice            5%         4d8       100%        7
 Discord                  Hex            14%        N/A       100%        8
 Ignition                 Fire           1%         3d3       100%        8
 Animate Armour           Summ/Erth      Unusable   N/A       N/A         4

Dungeon Overview and Level Annotations

Branches:
Dungeon (5/15)              Sewer (visited)
 Temple: D:4-7

Altars:
Ru

Shops:
D:3 !

Annotations:
D:4 Grinder
D:5 1 runed translucent door, korenl137's ghost, weakling MfDe


Innate Abilities, Weirdness & Mutations

You have sharp claws.
You have razor-sharp teeth.
You have supernaturally acute eyesight. (SInv)
You are covered in thick fur. (AC +2)
Your paws help you pounce on unaware monsters.
You are incapable of wielding weapons or throwing items.
You cannot wear armour.
You gain extra lives every three experience levels.


Message History

You barely miss the orc. Your bite misses the orc. The orc closely misses you.
You claw the orc!
You kill the orc!
Things that are here:
a +0 short sword; an orc corpse The orc barely misses you.
The orc misses you.
You scratch the orc.
The orc is moderately wounded.
The orc closely misses you.
The orc priest calls upon Beogh to heal the orc.
The orc's wounds heal themselves!
You barely miss the orc. Your claw misses the orc.
The orc priest shouts, "The Pantheon deserves no one's loyalty.
Let us show you the true path!" The orc hits you with a +0 trident.
The orc closely misses you.
The orc priest calls down the wrath of Beogh upon you.
Beogh smites you!
* * * LOW HITPOINT WARNING * * *
Things that are here:
a +0 short sword; an orc corpse The orc attacks as it pursues you!
The orc completely misses you.
Casting: Ensorcelled Hibernation (safe; 3% risk of failure)
Confirm with . or Enter, or press ? or * to list all spells.
Aiming: Tukima's Dance (dangerous; 2% risk of failure)
Press: ? - help, Shift-Dir - straight line, f - orc
Aim: an orc, wielding a +0 trident and wearing a +0 leather armour (chance to affect: 75%)
The orc struggles to resist.
The orc closely misses you.
Casting: Tukima's Dance (dangerous; 2% risk of failure)
Confirm with . or Enter, or press ? or * to list all spells.
Aiming: Tukima's Dance (dangerous; 2% risk of failure)
Press: ? - help, Shift-Dir - straight line, f/p - orc
Aim: an orc, wielding a +0 trident and wearing a +0 leather armour (chance to affect: 75%)
The +0 trident dances into the air!
The orc hits your +0 trident but does no damage.
You swap places.
Your +0 trident hits the orc from afar!
The orc dies!
The orc priest mumbles some strange prayers to Beogh against you.
Pain shoots through your body!
You die...

#####...#...## ## #
##..##.## ....
#######..##.#######
.#####.............>....
....##.#####..##.#######
.##.##.# #..##.#
.##.##.# #..##.#
.....#.#####..##(#
.##...........##@# ####
# .##.##.#####.###[#
...#.#. .......# #.# #o#
##.#..o.. ########
#o#####...).o.. ......
#....ho...# ######
#######.### ##.# #.# ##


You could see an orc priest, an orc wizard (invisible) and a friendly +0
trident.

Vanquished Creatures
  A water moccasin (D:5)
  2 black bears
  A kobold brigand (Sewer)
  A scorpion (D:4)
  A hound (D:5)
  3 iguanas
  2 orc wizards (D:5)
  5 adders
  4 gnolls
  A shadow imp (D:5)
  A dart slug (D:2)
  2 ribbon worms
  2 orcs
  3 endoplasms
  4 giant cockroaches
  6 goblins
  4 hobgoblins
  5 jackals
  A kobold (D:2)
  5 quokkas
  6 ball pythons
  12 bats
  3 frilled lizards
  7 rats
82 creatures vanquished.

Vanquished Creatures (collateral kills)
  Sigmund (D:4)
  An ogre (D:5)
  A kobold brigand (Sewer)
  An orc wizard (D:5)
  3 gnolls (D:3)
  A ribbon worm (D:4)
  6 orcs
  A ball python (D:3)
  8 kobolds
23 creatures vanquished.

Vanquished Creatures (others)
  5 dancing weapons
5 creatures vanquished.

Grand Total: 110 creatures vanquished

Notes
Turn   | Place    | Note
-------+----------+-------------------------------------------
     0 | D:1      | anarkitty the Felid Enchanter began the quest for the Orb.
     0 | D:1      | Reached XP level 1. HP: 9/9 MP: 4/4
   120 | D:1      | You fall into a shaft and drop 1 floor!
   339 | D:2      | Reached XP level 2. HP: 13/13 MP: 6/6
   409 | D:2      | Reached XP level 3. HP: 11/16 MP: 7/7
   498 | D:2      | Slain by a ball python
   498 | D:2      | Lost a life (0 lives remaining)
   503 | D:2      | Learned a level 3 spell: Tukima's Dance
   506 | D:2      | Learned a level 2 spell: Ensorcelled Hibernation
   966 | D:2      | Reached XP level 4. HP: 21/21 MP: 8/8
   966 | D:2      | Gained a life (1 life remaining)
  1113 | D:3      | Found a sacrificial altar of Ru.
  1227 | D:3      | Reached skill level 5 in Hexes
  1317 | D:3      | Noticed a black bear
  1337 | D:3      | Killed a black bear
  1338 | D:3      | Reached skill level 5 in Stealth
  1338 | D:3      | Reached XP level 5. HP: 24/24 MP: 3/9
  1472 | D:3      | Reached skill level 1 in Ice Magic
  1685 | D:3      | Found Niudeis's Distillery.
  1701 | D:3      | Bought a potion of heal wounds for 65 gold pieces
  1701 | D:3      | Bought a potion of curing for 39 gold pieces
  2169 | D:4      | Gained mutation: You are covered in thick fur. (AC +2)
                  | [Felid growth]
  2169 | D:4      | Reached XP level 6. HP: 24/28 MP: 11/11
  2254 | D:4      | Noticed Grinder
  2255 | D:4      | Paralysed by Grinder for 4 turns
  2283 | D:4      | Paralysed by Grinder for 3 turns
  2291 | D:4      | Slain by Grinder
  2291 | D:4      | Lost a life (0 lives remaining)
  2468 | D:4      | Found a glowing drain.
  2470 | D:4      | Noticed Sigmund
  2492 | D:4      | Killed Sigmund
  2495 | D:4      | Reached XP level 7. HP: 25/32 MP: 7/12
  2495 | D:4      | Gained a life (1 life remaining)
  2515 | Sewer    | Entered a sewer
  2834 | Sewer    | Succumbed to a kobold brigand's poison
  2834 | Sewer    | Lost a life (0 lives remaining)
  2872 | Sewer    | Reached skill level 1 in Fighting
  2876 | Sewer    | HP: 1/33 [poisoned by a kobold brigand]
  3024 | Sewer    | Found a white marble altar of Elyvilon.
  3280 | D:5      | Entered Level 5 of the Dungeon
  3827 | D:5      | Reached XP level 8. HP: 37/37 MP: 8/15
  3956 | D:5      | Found a runed translucent door.
  3960 | D:5      | Noticed korenl137's ghost (weakling MfDe)
  4017 | D:5      | Killed from afar by an orc priest

Illustrated notes

Levels and vault maps discovered:
D:1:      dpeg_arrival_more_subterranean_lakeside_camping, layout_loops_ring,
          shapermc_ecumenical_altar_acropolis
D:2:      minmay_door_path, layout_loops_ring, minmay_domino_4
D:3:      layout_basic, amcnicky_altar_gilded, serial_shops, shop, st_stairs_11,
          roderic_batcave
D:4:      layout_layer_cave, cheibrodos_sewer_entry_drain, uniq_sigmund,
          uniq_grinder
D:5:      minmay_angry_zag, layout_loops_ring, ebering_ghost_reflecting_pool,
          chequers_serial_rivers_large_b

Skill      XL: |  1  2  3  4  5  6  7 |
---------------+----------------------+-----
Dodging        | 3 4 |  4.7
Unarmed Combat | 2 3 4 |  4.2
Hexes          | 5 6 7 |  7.1
Stealth        | 5 6 7 |  7.3
Ice Magic      | 1 2 |  2.0
Spellcasting   | 3 4 |  4.1
Fighting       | 1 |  1.6

Action                     |  1- 3 |  4- 6 |  7- 9 || total
---------------------------+-------+-------+-------++-------
  Melee: Unarmed           |    89 |    93 |   106 ||   288
         Bite              |    11 |    13 |    16 ||    40
         Punch             |     1 |     1 |     3 ||     5
   Cast: Ensorcelled Hiber |     3 |    20 |    13 ||    36
         Tukima's Dance    |     3 |    11 |    21 ||    35
    Use: Scroll            |       |       |    13 ||    13
   Stab: Sleeping          |     9 |    23 |     9 ||    41
 Armour: Skin              |    35 |    55 |    31 ||   121
  Dodge: Dodged            |    65 |   120 |    95 ||   280

Table legend: (Time is in decaauts)
 A = Elapsed time spent in this place.
 B = Non-inter-level travel time spent in this place.
 C = Inter-level travel time spent in this place.
 D = Time resting spent in this place.
 E = Time spent auto-exploring this place.
 F = Levels seen in this place.
 G = Mean time per level.
                   A        B        C        D        E       F      G
               +--------+--------+--------+--------+--------+-----+--------+
         Total |   4110 |   4069 |     41 |      0 |   2921 |   6 |  685.0 |
       Dungeon |   3295 |   3254 |     41 |      0 |   2463 |   5 |  659.0 |
         Sewer |    814 |    814 |      0 |      0 |    458 |   1 |  814.0 |
               +--------+--------+--------+--------+--------+-----+--------+

Top non-repeatable levels by time:
     D:2: 981 daAuts
     D:3: 899 daAuts
   Sewer: 814 daAuts
     D:5: 749 daAuts
     D:4: 545 daAuts
     D:1: 120 daAuts
